 Dungeon Crawl Stone Soup version 0.18.1-2-ga659475 (webtiles) character file.

783 M4edhros the Covert (level 7, -4/45 HPs)
             Began as an Octopode Artificer on May 8, 2016.
             Was an Initiate of Gozag.
             Hit by a tomahawk thrown by an orc warrior (21 damage)
             ... on level 6 of the Dungeon.
             The game lasted 00:05:29 (5132 turns).

M4edhros the Covert (Octopode Artificer)            Turns: 5132, Time: 00:05:29

Health: -4/45      AC:  1    Str: 10    XL:     7   Next: 86%
Magic:  9/9        EV: 13    Int: 14    God:    Gozag
Gold:   533        SH:  0    Dex: 15    Spells: 0 memorised, 6 levels left

rFire  . . .     SeeInvis .     j - +1 dagger (venom)
rCold  . . .     Gourm    .     (no shield)
rNeg   + . .     Faith    .     (helmet restricted)
rPois  .         Spirit   .     (no amulet)
rElec  .         Dismiss  .     u - ring of loudness (curse)
rCorr  .         Reflect  .     (no ring)
SustAt .         Harm     .     x - ring of positive energy
MR     .....                    (no ring)
Stlth  +++++.....               (no ring)
                                (no ring)
                                (no ring)
                                (no ring)

@: not resistant to hostile enchantments, quite stealthy
A: almost no armour, amphibious, 8 rings, constrict 8, camouflage 1, gelatinous
body 1
a: Potion Petition, Call Merchant, Bribe Branch, Renounce Religion


You were on level 6 of the Dungeon.
You worshipped Gozag.
Gozag was noncommittal.
You were not hungry.

You visited 2 branches of the dungeon, and saw 7 of its levels.

You collected 602 gold pieces.
You paid 69 gold pieces to Gozag.

Inventory:

Hand Weapons
 a - a +0 short sword
 i - a +0 halberd
 j - a +1 dagger of venom (weapon)
 F - a +0 hunting sling
Missiles
 g - 164 stones (quivered)
Jewellery
 k - an uncursed ring of ice
 u - a cursed ring of loudness (left tentacle)
 x - a ring of positive energy (on tentacle)
 z - an uncursed amulet of faith {unknown}
Wands
 b - a wand of flame (13/48)
 c - a wand of enslavement (13/24)
 d - a wand of random effects (29/48)
Scrolls
 h - 2 scrolls of enchant armour {unknown}
 n - a scroll of noise {unknown}
 q - 4 scrolls of remove curse {unknown}
 y - 4 scrolls of identify
 A - a scroll of fog {unknown}
 B - 4 scrolls of enchant weapon {unknown}
 D - a scroll of random uselessness {unknown}
 H - a scroll of teleportation {unknown}
Potions
 e - 6 potions of curing
 m - 2 potions of might {unknown}
 t - a potion of lignification
 v - a potion of magic
 w - 2 potions of heal wounds {unknown}
 C - a potion of resistance {unknown}
 E - a potion of invisibility {unknown}
 G - a potion of flight {unknown}
Books
 p - a book of Enchantments

   Spells                             Type                      Level
   a - Cause Fear                     Hexes                        4
   b - Yara's Violent Unravelling     Hexes/Transmutation          5
   c - Silence                        Hexes/Air                    5
   d - Deflect Missiles               Charms/Air                   6
   e - Haste                          Charms                       6
   f - Discord                        Hexes                        8
 s - a book of Air

   Spells                             Type                      Level
   a - Shock                          Conjuration/Air              1
   b - Swiftness                      Charms/Air                   2
   c - Repel Missiles                 Charms/Air                   2
   d - Static Discharge               Conjuration/Air              3
   e - Lightning Bolt                 Conjuration/Air              5
Miscellaneous
 r - a plain deck of defence
Comestibles
 f - 4 bread rations
 l - a beef jerky
 o - 2 meat rations


   Skills:
 + Level 2.0 Fighting
 - Level 1.0 Short Blades
 * Level 2.8 Slings
 + Level 2.8 Dodging
 - Level 10.4 Stealth
 - Level 3.2 Evocations


You had 6 spell levels left.
You didn't know any spells.

Dungeon Overview and Level Annotations

Branches:
Dungeon (6/15)             Temple (1/1) D:4

Altars:
Ashenzari
Dithmenos
Elyvilon
Fedhas
Gozag
Kikubaaqudgha
Makhleb
Nemelex Xobeh
Okawaru
Pakellas
Qazlal
Vehumet
Xom
Yredelemnul
Zin
The Shining One

Annotations:
D:3 M4edhros's ghost, amateur OpAr


Innate Abilities, Weirdness & Mutations

You cannot wear most types of armour.
You are amphibious.
You can wear up to eight rings at the same time.
You can use your tentacles to constrict eight enemies at once.
Your skin changes colour to match your surroundings (Stealth).
Your rubbery body absorbs attacks (AC +1).


Message History

There is an open door here.
An orc warrior is nearby!
An orc warrior is nearby!
Found a glowing silver altar of Zin.
Found a pair of boots.
The orc warrior shouts!
The orc warrior throws a tomahawk.
The tomahawk hits you!
You see here a tomahawk.
The orc warrior barely misses you.
You hit the orc warrior but do no damage.
The orc warrior is poisoned.
You grab the orc warrior.
The orc warrior is moderately wounded.
You constrict the orc warrior.
The orc warrior hits you with a dire flail!
You release your grip on the orc warrior.
The orc warrior throws a tomahawk.
The tomahawk closely misses you.
You see here a tomahawk.
The orc warrior throws a tomahawk.
The tomahawk hits you!!
You die...
Your body crumbles into a pile of gold.

###.### #.##.....##
. #.#.......#.#
#.#.......#.#
#...[._.....#
##.#...o...#
#..#.......#
#..##..(..## .
#..####@####..
#..............
#######'###........
#.....#............
#.###.#....(.......
#...#.#.##.........
#.#...#.##........#
#....##.###########
###(.<#.#


You could see an orc warrior.

Vanquished Creatures
  A centaur (D:5)
  Purgy (D:3)
  3 scorpions
  A howler monkey (D:5)
  A crimson imp (D:3)
  A centaur zombie (D:5)
  A hound (D:4)
  A giant frog skeleton (D:5)
  Ijyb (D:3)
  5 worker ants (D:4)
  5 gnolls
  3 adders
  2 oozes
  An adder zombie (D:5)
  A worm (D:3)
  2 dart slugs
  2 giant geckos
  8 orcs
  5 bats
  4 giant cockroaches
  4 hobgoblins
  2 ball pythons
  3 giant newts
  8 goblins
  10 kobolds
  2 quokka skeletons (D:5)
  6 rats
  A spectral orc (D:5)
85 creatures vanquished.

Vanquished Creatures (collateral kills)
  A worker ant (D:5)
  A worker ant zombie (D:5)
  An adder (D:5)
  An adder skeleton (D:5)
  A giant newt (D:5)
5 creatures vanquished.

Vanquished Creatures (others)
  A jelly (D:5)
1 creature vanquished.

Grand Total: 91 creatures vanquished

Notes
Turn   | Place    | Note
--------------------------------------------------------------
     0 | D:1      | M4edhros the Octopode Artificer began the quest for the Orb.
     0 | D:1      | Reached XP level 1. HP: 13/13 MP: 3/3
   130 | D:1      | Reached skill level 2 in Stealth
   259 | D:1      | Reached skill level 3 in Stealth
   259 | D:1      | Reached XP level 2. HP: 10/18 MP: 4/4
   484 | D:1      | Reached skill level 4 in Stealth
   518 | D:1      | Reached XP level 3. HP: 23/23 MP: 5/5
   619 | D:2      | Found a shimmering altar of Xom.
   735 | D:3      | Noticed Purgy
   740 | D:3      | Killed Purgy
   740 | D:3      | Reached skill level 6 in Stealth
   740 | D:3      | Reached XP level 4. HP: 22/28 MP: 6/6
   740 | D:3      | Reached XP level 5. HP: 26/33 MP: 7/7
   757 | D:3      | Reached skill level 7 in Stealth
   918 | D:3      | Noticed Ijyb
   921 | D:3      | Killed Ijyb
  1279 | D:3      | Noticed M4edhros's ghost (amateur OpAr)
  1370 | D:4      | Found a staircase to the Ecumenical Temple.
  1661 | D:4      | Reached skill level 8 in Stealth
  1661 | D:4      | Reached XP level 6. HP: 38/38 MP: 8/8
  1670 | Temple   | Entered the Ecumenical Temple
  1712 | Temple   | Became a worshipper of Gozag Ym Sagoz the Greedy
  1777 | D:3      | Noticed Grinder
  2355 | D:4      | Found a white marble altar of Elyvilon.
  2359 | D:4      | Found a stormy altar of Qazlal.
  2361 | D:4      | Found an oddly glowing altar of Pakellas.
  2485 | D:4      | Reached skill level 9 in Stealth
  2665 | D:4      | Found a sparkling altar of Nemelex Xobeh.
  2806 | D:4      | Reached skill level 10 in Stealth
  2940 | D:3      | Noticed Grinder
  2940 | D:3      | Grinder changed into Grinder the crimson imp
  2943 | D:3      | Killed Grinder the crimson imp
  2943 | D:3      | Reached XP level 7. HP: 30/43 MP: 9/9
  3577 | D:2      | You fall through a shaft for 2 floors!
  4285 | D:5      | Entered Level 5 of the Dungeon
  4361 | D:5      | Reached skill level 1 in Slings
  4421 | D:5      | Killed a centaur
  4650 | D:5      | Found a radiant altar of Vehumet.
  4926 | D:5      | Found a basalt altar of Yredelemnul.
  5126 | D:6      | Found a glowing silver altar of Zin.
  5132 | D:6      | Hit by a tomahawk thrown by an orc warrior

Skill      XL: |  1  2  3  4  5  6  7 |
---------------+----------------------+-----
Stealth        | 3 4 6 8 10 | 10.4
Slings         | 2 |  2.8
Fighting       | 2 |  2.0
Short Blades   | |  1.0
Dodging        | |  2.8
Evocations     | |  3.2

Action                   |  1- 3 |  4- 6 |  7- 9 || total
-------------------------+-------+-------+-------++-------
Melee: Short sword       |    13 |       |       ||    13
       Constrict         |     7 |    14 |    20 ||    41
       Tentacles         |     3 |    15 |    22 ||    40
       Halberd           |     9 |       |       ||     9
       Dagger            |     8 |    64 |    79 ||   151
 Fire: Hunting sling     |       |       |    23 ||    23
Evoke: Wand              |     3 |     1 |     3 ||     7
  Use: Scroll            |       |     5 |       ||     5
       Potion            |       |     2 |       ||     2
 Stab: Sleeping          |     7 |     7 |     6 ||    20
  Eat: Chunk             |       |     3 |       ||     3
       Meat ration       |       |     1 |     1 ||     2
Armor: Skin              |       |     2 |     3 ||     5
Dodge: Dodged            |    15 |    26 |    47 ||    88
